Map: Whispers of Gold

Players

gumiho - Winner!

  • Race: Terran Terran
  • Spawn Location: 5:00

SZNightMare (NightMare)

  • Race: Protoss Protoss
  • Spawn Location: 9:00

Event: HomeStory Cup XXVI

VOD

Have the link to the VOD?

Description

Time

  • Played on: Nov. 29, 2024, 8:59 a.m.
  • Length: 10:35

All games in this series

Show
View Real Time Build Order
Export as new Build Order

gumiho Terran - Winner!

Build Orders: Reaper Expand 

Get SALT Encoding   

  12  0:00  SCV  
  13  0:12  SCV  
  14  0:17  Supply Depot  
  14  0:24  SCV  
  15  0:39  SCV  
  15  0:40  Barracks  
  16  0:44  Refinery  
  16  0:51  SCV  
  17  1:03  SCV  
  18  1:15  SCV  
  19  1:28  Orbital Command, Reaper  
  20  1:44  Command Center  
  20  1:52  Supply Depot  
  20  1:55  SCV  
  20  2:00  Barracks Reactor  
  21  2:07  SCV  
  22  2:12  Barracks  
  22  2:19  SCV  
  23  2:26  Factory  
  23  2:30  Refinery  
  23  2:32  SCV  
  23  2:36  Marine  
  23  2:37  Marine  
  26  2:44  SCV  
  27  2:54  Marine x2  
  27  2:56  SCV  
  27  2:57  Orbital Command  
  30  2:59  Barracks Tech Lab  
  30  3:11  Starport, Factory Reactor  
  30  3:14  Marine  
  30  3:17  Orbital Command, SCV  
  30  3:19  Marine  
  33  3:21  Marine  
  34  3:30  SCV  
  34  3:31  Stimpack  
  35  3:34  Marine  
  35  3:37  Marine  
  35  3:38  Supply Depot  
  37  3:41  Marine  
  37  3:43  SCV  
  37  3:44  SCV  
  40  3:54  Medivac  
  40  3:55  Marine x2  
  42  3:57  SCV  
  42  3:59  SCV, Marine  
  47  4:04  Supply Depot  
  47  4:07  Medivac  
  49  4:11  SCV x2  
  49  4:12  Factory Tech Lab  
  49  4:15  Marine x2  
  53  4:17  Marine  
  54  4:25  SCV x2  
  56  4:31  Supply Depot  
  56  4:32  Supply Depot  
  56  4:33  Marine x2  
  56  4:37  SCV x2  
  60  4:41  Barracks  
  60  4:50  Marine  
  61  4:53  Siege Tank  
  61  4:54  Marine x2  
  61  4:56  Supply Depot, SCV  
  61  4:58  SCV  
  68  5:06  Medivac  
  69  5:08  SCV  
  69  5:09  Supply Depot  
  69  5:10  SCV, Marine  
  69  5:11  Marine x2  
  74  5:20  Combat Shield  
  74  5:21  SCV  
  74  5:22  SCV  
  74  5:27  Refinery  
  76  5:28  Marine  
  76  5:29  Marine x2  
  76  5:32  Supply Depot, Engineering Bay  
  79  5:36  Siege Tank  
  81  5:47  Marine  
  81  5:48  Marine  
  75  6:01  Marine  
  65  6:05  SCV  
  65  6:06  SCV  
  65  6:07  Command Center  
  65  6:08  Siege Tank  
  65  6:10  Marine x4  
  71  6:12  Terran Infantry Weapons Level 1  
  71  6:18  SCV x2  
  73  6:20  Supply Depot  
  73  6:24  Medivac  
  75  6:26  Marine  
  75  6:28  Marine x2  
  75  6:30  SCV x2  
  80  6:33  Supply Depot, Refinery  
  80  6:34  Marine x2  
  82  6:44  Marine  
  79  6:49  Marine x2  
  79  6:52  Marine x2  
  78  6:55  Barracks  
  78  6:56  Medivac  
  78  6:57  Barracks  
  78  6:59  Siege Tank  
  81  7:02  SCV x2, Marine  
  81  7:07  Marine x2  
  86  7:10  Marine x2  
  86  7:14  SCV x2  
  89  7:20  Marine  
  89  7:24  Orbital Command  
  89  7:25  Marine x2  
  89  7:26  SCV  
  89  7:28  Marine  
  88  7:30  Medivac  
  88  7:31  Siege Tank  
  88  7:32  Marine  
  88  7:35  SCV, Missile Turret  
  88  7:36  Concussive Shells  
  95  7:38  Marine  
  96  7:45  Barracks Tech Lab  
  96  7:46  Barracks Tech Lab  
  96  7:48  SCV x2  
  96  7:49  Orbital Command  
  96  7:50  Marauder  
  100  7:56  Marine x2  
  100  7:57  Marine  
  103  8:00  SCV x2  
  103  8:03  Starport Reactor  
  105  8:06  Marauder  
  105  8:07  Marauder  
  105  8:08  Siege Tank  
  105  8:11  Marauder  
  105  8:12  Missile Turret  
  114  8:15  SCV x2  
  114  8:18  Terran Infantry Armor Level 1  
  116  8:28  Marauder  
  116  8:29  Marauder  
  117  8:35  Marauder  
  117  8:37  Marine x4  
  119  8:45  Siege Tank  
  109  8:49  Marauder  
  109  8:50  Marauder, Viking  
  109  8:51  Supply Depot x2  
  109  8:55  Marine x3  
  118  8:56  Ghost Academy, Marauder  
  118  8:57  SCV x3  
  118  9:01  Marine  
  124  9:06  Supply Depot  
  124  9:08  Missile Turret  
  124  9:11  Marauder x2  
  124  9:15  Supply Depot  
  128  9:17  SCV x2  
  128  9:18  SCV, Marauder  
  128  9:19  Marine x2  
  128  9:20  Marine  
  136  9:27  Medivac x2  
  136  9:29  Supply Depot  
  138  9:32  Marauder  
  138  9:33  Marine, Marauder  
  138  9:36  Siege Tank  
  145  9:39  Supply Depot, Marauder  
  147  9:48  Command Center  
  147  9:50  Armory  
  147  9:53  Marauder  
  147  9:54  Marauder  
  147  9:57  Refinery x2  
  151  10:00  Ghost  
Show
View Real Time Build Order
Export as new Build Order

SZNightMare Protoss 

Build Orders: 1 Gate Expand, Blink Stalkers 

Get SALT Encoding   

  12  0:00  Probe  
  13  0:12  Probe  
  14  0:17  Pylon  
  14  0:24  Probe  
  15  0:32  Probe  
  15  0:37  Gateway  
  15  0:40  Probe  
  16  0:47  Assimilator  
  17  0:51  Probe  
  18  1:03  Probe  
  19  1:15  Probe  
  20  1:24  Cybernetics Core  
  20  1:27  Probe  
  21  1:39  Nexus  
  21  1:46  Pylon  
  21  1:49  Probe  
  21  1:54  Assimilator, Adept  
  22  2:01  Probe  
  22  2:06  Warp Gate  
  25  2:13  Probe  
  26  2:21  Blink  
  26  2:23  Twilight Council  
  26  2:26  Probe  
  27  2:30  Stalker  
  29  2:38  Probe  
  29  2:50  Probe  
  30  2:52  Probe  
  31  3:02  Probe  
  31  3:05  Probe  
  33  3:09  Stalker  
  33  3:12  Gateway  
  35  3:14  Probe  
  35  3:17  Probe  
  37  3:25  Gateway  
  37  3:27  Probe  
  37  3:29  Probe  
  39  3:37  Pylon  
  39  3:39  Probe  
  39  3:41  Probe  
  41  3:44  Robotics Facility  
  41  3:51  Probe  
  41  3:53  Probe  
  41  3:54  Stalker  
  45  4:03  Probe, Pylon  
  45  4:05  Probe  
  45  4:09  Stalker  
  49  4:16  Probe  
  50  4:17  Probe  
  50  4:19  Stalker  
  50  4:21  Stalker  
  55  4:27  Pylon  
  55  4:31  Probe x2  
  55  4:36  Shield Battery  
  55  4:37  Shield Battery, Pylon  
  55  4:44  Probe  
  57  4:51  Stalker x3  
  62  5:00  Assimilator  
  62  5:01  Assimilator  
  62  5:02  Probe  
  63  5:13  Nexus  
  63  5:14  Pylon  
  63  5:20  Stalker x3  
  68  5:25  Probe x2  
  70  5:32  Templar Archives  
  70  5:39  Observer  
  71  5:45  Nexus  
  71  5:46  Pylon  
  71  5:49  Stalker x2  
  65  5:57  Probe x2  
  59  6:08  Charge  
  59  6:09  Probe x2  
  59  6:19  Observer  
  59  6:21  Probe x2  
  59  6:22  Gateway  
  59  6:23  Gateway x2  
  61  6:28  Psionic Storm  
  61  6:30  Gateway  
  61  6:40  Probe x2  
  59  6:47  High Templar  
  59  6:52  Probe  
  60  6:57  Probe x2  
  62  7:02  Stalker x2  
  62  7:05  Probe  
  65  7:09  Probe  
  65  7:12  Pylon  
  65  7:15  Probe  
  66  7:17  Probe  
  66  7:20  Stalker, Pylon  
  65  7:24  Pylon  
  65  7:28  Warp Prism  
  65  7:29  High Templar  
  66  7:37  High Templar  
  70  7:52  Probe x3  
  70  7:55  Zealot x3  
  70  7:56  High Templar  
  81  8:01  Zealot  
  81  8:03  Zealot  
  85  8:07  Pylon  
  85  8:10  Probe x3  
  88  8:15  Shield Battery  
  88  8:20  Probe x3  
  88  8:23  High Templar x2  
  95  8:27  Zealot x2  
  85  8:36  Zealot x2  
  85  8:39  Probe  
  77  8:42  Probe  
  77  8:46  Probe  
  77  8:48  Probe  
  76  8:54  Probe  
  78  8:56  Probe  
  78  8:58  Probe  
  78  9:01  Zealot x3, High Templar  
  88  9:06  Probe  
  88  9:08  Probe  
  90  9:10  Probe  
  90  9:12  High Templar  
  90  9:14  Pylon  
  90  9:16  Observer  
  94  9:19  Probe  
  94  9:21  Probe  
  94  9:22  Probe  
  94  9:23  Forge  
  87  9:32  Probe  
  87  9:33  Probe  
  87  9:34  Observer, High Templar x2  
  87  9:38  Zealot x2  
  98  9:39  Zealot  
  98  9:44  Probe x2  
  98  9:45  Warp Prism, Probe  
  105  10:01  Probe x3  
  105  10:03  Pylon  
  106  10:08  Zealot x2  
  99  10:14  Archon  
  99  10:16  Zealot x4  
  88  10:21  Zealot  
Tags
 
Add a new tag
Caveats
  • Supply blocks, unpowered buildings, or Contaminate may cause inaccurate times.
  • Supply counts are checked every 10 seconds.